[Event "FIDE WSTC-50-65 2022"]
[Site "Acqui Terme"]
[Date "2022.06.27"]
[Round "7.13"]
[White "Knaak, Rainer"]
[Black "Gruenfeld, Yehuda"]
[Result "0-1"]
[ECO "A36"]
[WhiteElo "2479"]
[BlackElo "2424"]
[Annotator "TA"]
[PlyCount "88"]
[EventDate "2022.06.20"]
[EventType "team-tourn"]
[EventCountry "ITA"]
[SourceTitle "playchess.com"]
[Source "ChessBase"]
[SourceQuality "1"]
[TimeControl "40/5400+30:1800+30"]

1. c4 Nf6 2. Nc3 c5 3. g3 g6 4. Bg2 Bg7 5. e4 Nc6 6. Nge2 d6 7. d3 a6 8. O-O O-O 9. h3 Rb8 10. f4 Nd7 {[%emt 0:04:30] A36: Symmetrical English vs ...g6: 4 Bg2 Bg7.} 11. a4 e6 12. g4 {[%emt 0:14:30] [#]} f5 $146 {[%emt 0:06:30] The position is equal.} ({Predecessor:} 12... Nd4 13. Ng3 Qh4 14. Kh2 b5 15. g5 f6 16. axb5 axb5 17. Be3 fxg5 18. Bxd4 cxd4 19. Nxb5 gxf4 {0-1 (28) Seliger,B-Horak,J (2192) Teplice 2007}) 13. g5 Nd4 14. Ng3 Re8 15. h4 Nf8 16. Be3 (16. h5 {with more complications.} b5 17. axb5 axb5 18. Nxb5 Nxb5 19. cxb5 Rxb5 20. exf5 exf5 21. Bc6) 16... Bd7 17. Nce2 Bc6 18. Nxd4 cxd4 19. Bd2 a5 $1 20. Qe1 Ra8 $1 21. b3 Nd7 22. b4 axb4 23. Bxb4 Nc5 24. Bxc5 dxc5 25. Qf2 Qc7 ({But not} 25... Bxa4 26. exf5 exf5 27. Bxb7 $14) 26. a5 Rxa5 (26... Ra7 {keeps more tension.} 27. h5 Rxa5 28. Rxa5 Qxa5 29. Re1 Qd8) 27. Rxa5 Qxa5 28. exf5 (28. Re1 $15) 28... exf5 $17 29. Bxc6 bxc6 30. Rd1 Bf8 31. Nf1 Bd6 {[%emt 0:00:30] Black is more active.} 32. Ng3 $2 {[%emt 0:01:12] [#] Loses the game.} (32. Kg2 $17) 32... Qc7 $19 33. Re1 Rxe1+ 34. Qxe1 {[%emt 0:00:03][%mdl 4096] Endgame KQB-KQN} Kf7 {[%emt 0:00:30] Prevents Qe8+.} ({Don't go for} 34... Bxf4 $2 35. Qe8+ Kg7 36. Ne2 $19) 35. Qa1 Bxf4 36. Nf1 Qb6 37. Qa8 Bb8 38. Nd2 Qc7 {[%emt 0:00:00] [#] White must now prevent ...Qg3+.} 39. Nf1 {[%emt 0:00:17] Prevents Qg3+.} Ke7 40. Qa2 Kd7 {[%emt 0:00:00] And now ...Qf4 would win.} 41. Qf2 Qe5 42. Kg2 Bc7 43. Qf3 $2 (43. Qd2 {is the only way for White.}) 43... Ba5 44. Kh3 Qe1 {[%emt 0:05:30] Weighted Error Value: White=0.34/Black=0.16 (very precise)} 0-1

[Event "FIDE WSTC-50-65 2022"]
[Site "Acqui Terme"]
[Date "2022.06.27"]
[Round "7.14"]
[White "Birnboim, Nathan"]
[Black "Chevelevitch, Evgueni"]
[Result "0-1"]
[ECO "E62"]
[WhiteElo "2383"]
[BlackElo "2369"]
[Annotator "TA"]
[PlyCount "72"]
[EventDate "2022.06.20"]
[EventType "team-tourn"]
[EventCountry "ITA"]
[SourceTitle "playchess.com"]
[Source "ChessBase"]
[SourceQuality "1"]
[TimeControl "40/5400+30:1800+30"]

1. d4 Nf6 2. c4 g6 3. g3 Bg7 4. Bg2 O-O 5. Nc3 d6 6. Nf3 Nc6 7. O-O e5 8. d5 Nb8 {[%emt 0:04:30] is cutting edge theory.} 9. Bg5 {[%emt 0:03:30] [#] E62: King's Indian: Fianchetto: 6...c6 and Panno Variation (6...Nc6) without ...a6.} a5 $146 ({Predecessor:} 9... h6 10. Bd2 a5 11. e4 Na6 12. Ne1 Nd7 13. Nd3 Ndc5 14. Be3 b6 15. b3 f5 16. a3 Nxd3 17. Qxd3 f4 18. gxf4 exf4 19. Bd2 Nc5 20. Qc2 f3 21. Bh1 Qh4 22. Rfe1 Be5 {0-1 (22) Ubiennykh,E (2331)-Kavutskiy,K (2391) Chess.com INT 2020}) 10. a3 Qe8 11. e4 {[%emt 0:15:30] White is slightly better.} a4 12. Nb5 Na6 13. Bxf6 ({Don't play} 13. Qxa4 Nxe4 14. Be3 Bd7 $15) 13... Bxf6 14. Qxa4 Bd7 15. b4 Bg7 16. Rad1 Bh6 17. Rfe1 Nc5 18. Qc2 Bxb5 19. cxb5 Na4 20. Qxc7 (20. Bh3 $16) 20... Qb8 $14 21. Qxb8 Rfxb8 22. Bh3 (22. Rd3 $11) 22... Nc3 $15 23. Ra1 Ra4 24. b6 {[%emt 0:11:54] Threatens to win with Bd7.} Rba8 25. Bd7 Rxa3 26. Rxa3 Rxa3 27. Kg2 {[%emt 0:00:28] [#]} Rb3 ({Black should try} 27... Ra6 $1 $17 28. b5 Rxb6) 28. b5 $1 Nxb5 29. Ra1 $2 {[%emt 0:00:13] [#] This move loses the game for White.} (29. Bxb5 $15 Rxb5 30. Ra1) 29... Nc3 $1 $19 30. Ra8+ Kg7 31. Rc8 Nxe4 {[%emt 0:01:30] ...Rb2 is the strong threat.} 32. Rc7 $2 (32. Rc4 Nf6 33. Rc7) 32... Rb2 33. Be6 $2 (33. Ng1 Be3 34. Be6 Rxf2+ 35. Kh1) 33... Rxf2+ 34. Kh1 Rxf3 35. Rxb7 Be3 36. Rb8 Bxb6 {[%emt 0:00:15] Weighted Error Value: White=0.64/Black=0.13 (very precise)} (36... Rf1+ $142 37. Kg2 Rf2+ 38. Kg1 fxe6 39. g4 Ng5 40. Rb7+ Kh6 41. Rf7 Rxf7+ 42. Kg2 Rf2+ 43. Kg3 Rd2 44. h3 Bf4+ 45. Kh4 Nf3#) 0-1

[Event "FIDE WSTC-50-65 2022"]
[Site "Acqui Terme"]
[Date "2022.06.27"]
[Round "7.15"]
[White "Kiefer, Gerhard"]
[Black "Berkovich, Mark A"]
[Result "1-0"]
[ECO "C60"]
[WhiteElo "2224"]
[BlackElo "2337"]
[Annotator "TA"]
[PlyCount "105"]
[EventDate "2022.06.20"]
[EventType "team-tourn"]
[EventCountry "ITA"]
[SourceTitle "playchess.com"]
[Source "ChessBase"]
[SourceQuality "1"]
[TimeControl "40/5400+30:1800+30"]

1. e4 e5 2. Nf3 Nc6 3. Bb5 g6 4. c3 Bg7 5. O-O a6 6. Ba4 b5 7. Bb3 Nge7 8. d4 exd4 {[%emt 0:00:30] C60: Ruy Lopez: Unusual Black 3rd moves and 3...g6.} 9. cxd4 O-O 10. Nc3 d6 {[%emt 0:00:30][%cal Bd7d6,Bd6d5][%mdl 32] The position is equal.} 11. Nd5 h6 12. Nxe7+ Nxe7 {[%emt 0:06:30] [#]} 13. h3 $146 ({Predecessor:} 13. Be3 Kh7 14. Rc1 f5 15. e5 Bb7 16. Re1 a5 17. Qe2 f4 18. Bd2 Bxf3 19. Qxf3 dxe5 {½-½ (66) Dominguez Perez,L (2719)-Aronian,L (2786) Moscow 2009}) 13... c5 14. Be3 c4 15. Bc2 d5 16. Qd2 Kh7 17. a4 Be6 18. e5 Rb8 19. axb5 axb5 20. h4 b4 21. h5 b3 22. Bb1 Qd7 (22... Bf5 $1 $11) 23. Nh4 $14 Ra8 24. Rxa8 Rxa8 25. f4 (25. Qe2 $14) 25... Nf5 $11 26. hxg6+ fxg6 27. Nxg6 Kxg6 28. g4 {[%emt 0:00:30][%mdl 64] Pin} Kf7 29. gxf5 Bxf5 30. Bxf5 Qxf5 31. Qg2 $36 {[%emt 0:00:30][%mdl 2048] Prevents Qh3. White fights for an advantage.} Rd8 32. Ra1 {[%emt 0:06:30] And now Ra7+ would win.} Rd7 {[%emt 0:01:30] Prevents Ra7.} 33. Kh2 Qh5+ $2 {[%emt 0:11:36] [#] Black is now going downhill.} (33... Kg8 $11) 34. Qh3 $1 $16 {[%emt 0:01:45] Really sharp!} Qxh3+ 35. Kxh3 $18 {[%emt 0:00:06][%mdl 4096] Endgame KRB-KRB} Kg6 36. Kg4 {[%emt 0:00:52] Threatens to win with f5+.} h5+ {[%emt 0:00:50] [#]} 37. Kf3 $1 Rb7 $2 (37... c3 {might work better.}) 38. Bd2 Bf8 (38... Rf7 {was called for.} 39. Rg1+ Kh7) 39. Ra6+ Kf7 40. f5 Bb4 (40... Kg8 $18 41. f6 Rb8) 41. Bxb4 Rxb4 {[%emt 0:01:08] KR-KR} 42. Ra7+ Kf8 43. f6 (43. e6 $142 Rb6 44. Rc7 Rb8 45. f6 c3 46. Rg7 Re8 47. e7+ Rxe7 48. fxe7+ Ke8 49. bxc3) 43... c3 44. e6 Rb8 45. Rh7 Kg8 46. Rg7+ Kh8 47. bxc3 {[%emt 0:06:20] Intending e7 and mate.} Rb6 48. Re7 {[%emt 0:00:28] White mates.} b2 49. f7 ({Weaker is} 49. Re8+ Kh7 50. f7 (50. Re7+ $2 Kg6 $19) 50... b1=Q $11) 49... Kg7 50. Re8 b1=Q 51. f8=Q+ Kg6 52. Qf7+ Kg5 53. Rg8+ {[%emt 0:00:07] Weighted Error Value: White=0.06 (flawless) /Black=0.64} 1-0

[Event "FIDE WSTC-50-65 2022"]
[Site "Acqui Terme"]
[Date "2022.06.27"]
[Round "7.16"]
[White "Maryasin, Boris"]
[Black "Kierzek, Matthias"]
[Result "1/2-1/2"]
[ECO "B15"]
[WhiteElo "2280"]
[BlackElo "2224"]
[Annotator "TA"]
[PlyCount "104"]
[EventDate "2022.06.20"]
[EventType "team-tourn"]
[EventCountry "ITA"]
[SourceTitle "playchess.com"]
[Source "ChessBase"]
[SourceQuality "1"]
[TimeControl "40/5400+30:1800+30"]

1. e4 c6 2. Nc3 d5 3. Nf3 dxe4 4. Nxe4 Nf6 5. Nxf6+ exf6 6. d4 Bd6 7. Be3 (7. c3 {is more complex.} O-O 8. Bd3 Re8+ 9. Be3) 7... O-O 8. Qd2 Be6 9. Bd3 Re8 10. O-O Nd7 11. c4 Nf8 12. Rfe1 Qd7 13. Bf4 Rad8 (13... Bxf4 $15 14. Qxf4 Ng6) 14. h3 Ng6 15. Bxg6 hxg6 16. Bxd6 Qxd6 17. b3 Rd7 18. Rad1 Red8 19. a4 b6 20. Qe3 a6 21. Rd2 Qb4 22. Red1 b5 (22... Re7 $1 $15 23. d5 cxd5) 23. axb5 $11 axb5 24. d5 $1 cxd5 25. cxb5 (25. c5 $5 ) 25... Qxb5 26. Nd4 Qb6 27. Rc2 Rd6 28. Rdc1 Bf5 29. Rc6 Rxc6 30. Rxc6 Qa5 31. Rc1 {[%emt 0:08:00] [#] aiming for Nc6.} Qa8 ({Black should play} 31... Qa3 $15) 32. b4 {[%emt 0:04:30] The position is equal.} Re8 33. Qb3 Rc8 34. Rxc8+ Qxc8 {[%emt 0:01:16][%mdl 4096] Endgame KQB-KQN} 35. Qb2 {[%emt 0:00:30] Inhibits Qc1+.} Qb7 36. Qc3 Qb6 37. b5 Bd7 38. Qb4 Kh7 39. Kh2 f5 40. g3 g5 (40... Bxb5 $2 41. Kg1 $16) 41. Kg2 g4 42. h4 f6 43. Kg1 Kg6 44. Qc3 Kf7 ({Resist} 44... Bxb5 45. Qb4 $14) 45. h5 Kg8 (45... Bxb5 $2 46. Qb2 $16) 46. Qd2 Qc5 ({Don't take} 46... Bxb5 47. Qb2 $16) 47. Qf4 Qb4 48. h6 gxh6 49. Qc7 {[%emt 0:02:30] [#] Black must now prevent Qd8+.} Qxd4 50. Qd8+ Kg7 51. Qxd7+ Kg6 52. Qe8+ Kg7 {[%emt 0:00:31] Weighted Error Value: White=0.07 (flawless) /Black=0.07 (flawless)} 1/2-1/2

[Event "FIDE WSTC-50-65 2022"]
[Site "Acqui Terme"]
[Date "2022.06.28"]
[Round "8.1"]
[White "Horvath, Jozsef"]
[Black "Kaidanov, Gregory"]
[Result "1-0"]
[ECO "E07"]
[WhiteElo "2429"]
[BlackElo "2556"]
[Annotator "TA"]
[PlyCount "131"]
[EventDate "2022.06.20"]
[EventType "team-tourn"]
[EventCountry "ITA"]
[SourceTitle "playchess.com"]
[Source "ChessBase"]
[SourceQuality "1"]
[TimeControl "40/5400+30:1800+30"]

1. d4 d5 2. c4 e6 3. Nf3 Nf6 4. e3 c6 5. b3 Nbd7 6. Bb2 b6 7. Nbd2 Bb7 8. g3 {[%emt 0:01:30] [#]} Be7 $146 ({Predecessor:} 8... c5 9. Bg2 dxc4 10. bxc4 cxd4 11. exd4 Bb4 12. O-O O-O 13. a3 Bxd2 14. Qxd2 Rc8 {1-0 (38) Votava,J (2538)-Trichkov,V (2319) Czech Republic 2012}) 9. Bg2 O-O 10. O-O c5 {[%emt 0:01:30] E07: Closed Catalan: Main Line (5 Nf3 0-0 6 0-0 Nbd7).} 11. Qe2 Rc8 12. Rac1 Rc7 {[%emt 0:02:30] White has an edge.} 13. cxd5 Bxd5 14. dxc5 Nxc5 15. Nd4 Rd7 (15... Bxg2 $11 {remains equal.} 16. Kxg2 e5) 16. Bxd5 $16 Rxd5 17. N2f3 Qd7 18. b4 $1 Nce4 (18... Na4 $14) 19. Nc6 Qb7 (19... Re8 $16) 20. Nfd4 $1 $18 {[%emt 0:03:30] Strongly threatening f3.} e5 {[%emt 0:04:30] [#]} 21. Nb3 Bc5 22. f3 Ng5 23. bxc5 Qxc6 24. e4 Rdd8 25. Bxe5 {[%emt 0:02:43] Threatens to win with Nd4.} Rfe8 (25... Ne6 $16 {might work better.} 26. cxb6 Qxb6+ 27. Kg2 h6) 26. Bd4 {[%emt 0:00:10] cxb6 is the strong threat.} Ne6 27. Be3 {[%emt 0:00:44] aiming for cxb6.} bxc5 28. Nxc5 Nxc5 29. Rxc5 Qa4 30. Rfc1 h6 31. Rc7 a5 32. Qc4 Qxc4 33. R7xc4 Nd5 34. Bd4 Nb4 35. Bb6 Rd3 (35... Ra8 $16 36. a3 Nd3) 36. Bxa5 Nxa2 {[%emt 0:00:07] [#]} 37. R1c2 Ra3 38. Bd2 Rd8 39. Rc8 Rxc8 40. Rxc8+ {[%emt 0:00:00][%mdl 4096] Endgame KRB-KRN} Kh7 41. Kf2 Ra4 42. Ke2 h5 (42... f6 $142 43. h4 Ra7) 43. Rc5 g6 44. Ra5 Nc1+ 45. Ke3 Rc4 46. Ra7 Kg8 47. Ra3 {[%emt 0:00:47] Inhibits Nb3.} Rc2 48. Rc3 Rxc3+ 49. Bxc3 {[%emt 0:00:33] KB-KN} Nb3 50. Bb4 {[%emt 0:00:33] Against Nc5} f6 51. Kd3 {[%emt 0:00:12] Kc4 would kill now.} g5 $2 (51... h4 $18 52. gxh4 Nc1+ 53. Kd2 Nb3+ 54. Kc3 Nc1) 52. Kc3 Nc1 53. Bc5 h4 54. gxh4 (54. Kc2 $142 Ne2 55. Bf2) 54... Ne2+ 55. Kd2 Nf4 56. Bf2 (56. Be3 $142 {White threatens Bxf4 and mate.} Ne6 57. hxg5 fxg5 58. Kd3) 56... Kf7 57. hxg5 fxg5 58. h4 gxh4 59. Bxh4 {[%emt 0:00:03] White mates.} Ke6 60. Bg5 Nh5 61. Ke3 Ng3 62. Bh4 Nh5 63. f4 Ng7 64. Kd4 Ne8 65. f5+ Kf7 66. e5 {[%emt 0:00:36] Weighted Error Value: White=0.23 (precise) /Black=0.40} 1-0

[Event "FIDE WSTC-50-65 2022"]
[Site "Acqui Terme"]
[Date "2022.06.28"]
[Round "8.2"]
[White "Shabalov, Alexander"]
[Black "Varga, Zoltan"]
[Result "1/2-1/2"]
[ECO "B03"]
[WhiteElo "2504"]
[BlackElo "2395"]
[Annotator "TA"]
[PlyCount "99"]
[EventDate "2022.06.20"]
[EventType "team-tourn"]
[EventCountry "ITA"]
[SourceTitle "playchess.com"]
[Source "ChessBase"]
[SourceQuality "1"]
[TimeControl "40/5400+30:1800+30"]

1. e4 Nf6 2. e5 Nd5 3. d4 d6 4. c4 Nb6 5. exd6 cxd6 6. d5 e5 7. Nc3 Be7 8. Bd3 Na6 {[%emt 0:00:30] B03: Alekhine's Defence: Four Pawns Attack.} 9. b3 O-O 10. Nge2 Nc5 11. Bc2 Bg4 12. O-O Bg5 {[%emt 0:03:00] [#]} 13. h3 $146 ({Predecessor:} 13. f3 Bh5 14. Ng3 Bg6 15. Nf5 Bxf5 16. Bxf5 g6 17. Bc2 f5 18. Bxg5 Qxg5 19. Qc1 {0-1 (55) Mrva,V (2128)-Mertanen,J (2318) Krakow 2010}) 13... Bxc1 14. hxg4 Bb2 (14... Bh6 $1 $14) 15. Rb1 $16 Bxc3 16. Nxc3 a5 17. g3 Re8 18. Kg2 Qf6 19. Qd2 e4 20. Qe3 {[%emt 0:01:30] Prevents Qf3+.} (20. f4 $1 $16) 20... Qg6 $14 21. Nb5 Re5 22. Rh1 Qxg4 (22... h6 $14) 23. Nxd6 $16 Nbd7 24. Rh4 Qg6 {[%emt 0:02:30] [#]} 25. Rbh1 $1 {[%emt 0:00:30] White is more active.} h6 (25... Qxd6 $2 26. Rxh7 f5 27. Rh8+ Kf7 28. Rxa8 $18) 26. Nb5 (26. Nxe4 $2 f5 27. f3 Rae8 $19) 26... b6 27. Nd4 Rae8 28. Bd1 (28. a3 $16) 28... Nf6 (28... Rg5 $14) 29. Be2 Kf8 30. R1h3 Rg5 31. Rh1 Kg8 (31... Rge5 $11) 32. Rd1 (32. a3 $16) 32... Ng4 $11 33. Bxg4 Rxg4 34. Rdh1 f5 35. Rxg4 fxg4 36. Rd1 Rf8 37. Rd2 $2 {[%emt 0:00:15] [#]} (37. Kg1 $11) 37... Qh5 $2 (37... Rf3 $1 $19 38. Qe2 (38. Nxf3 exf3+ 39. Kg1 Qb1+) (38. Qe1 Nd3) 38... Nd3 $1) 38. Kg1 Qe5 {[%emt 0:06:34] [#]} (38... Rf3 $11 {remains equal.} 39. Qe1 (39. Nxf3 exf3 40. Qe1 Ne4 $11) 39... Rd3) 39. a3 $1 $16 Qh5 (39... Re8 $16 40. Rd1 Qh5) 40. b4 $18 axb4 41. axb4 Nd3 {[%emt 0:00:30] [#]} 42. Qxe4 (42. Nc6 $1 $18 Qf7 43. Re2 (43. Qxb6 Ra8 $14) (43. Qxe4 Nxf2 44. Ne7+ Kh8 $14)) 42... Re8 $11 {[%emt 0:02:30] The position is equal.} 43. Ne6 ({Reject} 43. Qxd3 Re1+ 44. Qf1 Rxf1+ 45. Kxf1 Qh1+ 46. Ke2 Qe4+ 47. Kf1 Qb1+ 48. Ke2 Qe4+ 49. Kd1 Qb1+ 50. Ke2 Qxb4 $17) 43... Ne5 {[%emt 0:00:30] ...Nf3+ is the strong threat.} 44. Kf1 (44. Nf4 {gets mated.} Nf3+ 45. Kg2 Qh2+ 46. Kf1 Rxe4 47. Ng6 Nxd2#) 44... Nf3 {[%emt 0:00:30] ( -> ...Qh1+)} 45. Rd1 Ra8 46. Nf4 Qh1+ 47. Ke2 Ra2+ 48. Ke3 {[%emt 0:00:05] Threatening mate with Qe8+. Dancing on a razor blade.} Qxd1 49. Qe8+ Kh7 50. Qg6+ {[%emt 0:00:47] Weighted Error Value: White=0.28 (precise) /Black=0.28 (precise)} 1/2-1/2

[Event "FIDE WSTC-50-65 2022"]
[Site "Acqui Terme"]
[Date "2022.06.28"]
[Round "8.3"]
[White "Horvath, Peter"]
[Black "Novikov, Igor"]
[Result "1/2-1/2"]
[ECO "D31"]
[WhiteElo "2396"]
[BlackElo "2551"]
[Annotator "TA"]
[PlyCount "116"]
[EventDate "2022.06.20"]
[EventType "team-tourn"]
[EventCountry "ITA"]
[SourceTitle "playchess.com"]
[Source "ChessBase"]
[SourceQuality "1"]
[TimeControl "40/5400+30:1800+30"]

1. d4 d5 2. c4 e6 3. Nc3 c6 4. e4 dxe4 5. Nxe4 Bb4+ 6. Bd2 Qxd4 7. Bxb4 Qxe4+ 8. Be2 Na6 9. Bc3 Ne7 10. Bxg7 Rg8 $1 (10... Qxg2 $2 11. Bf6 Nd5 12. Bf3 Qxh1 13. Bxh1 $18) 11. Bf6 {[%emt 0:08:30] D31: Queen's Gambit Declined: Semi-Slav without ...Nf6 (+ Marshall Gambit and Noteboom) and Exchange Variation lines without ...Nf6.} Rg6 12. Bxe7 Kxe7 13. Qd2 e5 $1 14. Rd1 Be6 15. f3 $1 Qd4 16. Qxd4 exd4 17. Kf2 Rd8 18. Bd3 Rg5 19. Ne2 {[%emt 0:12:30] [#]} Nb4 $146 (19... Nc5 $11) ({Predecessor:} 19... h5 20. h4 Ra5 21. a3 Nc5 22. Bb1 Nb3 23. Bc2 Bxc4 24. Bxb3 Bxb3 25. Rxd4 Rxd4 26. Nxd4 {1-0 (38) Vaisser,A (2540)-Savchenko,S (2505) Moscow 1992}) 20. b3 (20. Bxh7 $16 Bxc4 21. Rxd4 (21. Nxd4 Rgd5 $11) 21... Rxd4 22. Nxd4) 20... Ra5 21. Bb1 c5 22. Rd2 b5 23. cxb5 h6 24. Rc1 Rxb5 25. g4 (25. a3 $5 Na6 26. Bd3 $14) 25... Rd6 26. Nf4 Ra6 (26... Nd5 $11 27. Nxd5+ Bxd5) 27. Nd3 (27. Re1 $16) 27... Raa5 28. Nxb4 (28. Re1 {feels hotter.} Kd6 29. Nf4 Nd5 30. Nxd5 Kxd5 31. h3) 28... Rxb4 29. Bd3 Kd6 30. Rdc2 c4 31. Bxc4 Bxc4 32. bxc4 $11 {[%emt 0:00:34][%mdl 4096] Endgame KRR-KRR} Kc5 33. Re2 f6 {[%emt 0:00:55] Prevents Re5+.} 34. Re8 Rxa2+ 35. Kg3 Ra6 36. Re7 Rbb6 37. Kf4 Re6 38. Rc7+ Kd6 (38... Rec6 $1 $11 {keeps the balance.} 39. Rb7 Rcb6) 39. Rh7 $16 {[%emt 0:00:41] White is more active.} Ra3 40. c5+ (40. Rxh6 $16 {Hoping for Rh5.} a5 41. h4) 40... Kc6 $11 41. Rxh6 {[%emt 0:09:08] White wants to play Kf5.} Rc3 (41... d3 $1 $11 42. Rd1 Kxc5) 42. Rd1 $16 Kd5 ({Not} 42... Kxc5 43. h4 $16) (42... d3 $1 $14) 43. h4 $1 $18 a5 44. g5 ({White should try} 44. Rg6 $18) 44... Ree3 $16 {[%emt 0:05:13] [#]} 45. Rf1 ({Don't play} 45. Rxf6 $6 Rxf3+ 46. Kg4 Rxf6 47. gxf6 Ke6 $11) 45... fxg5+ 46. hxg5 {[%emt 0:00:04] Threatens to win with g6.} Re2 47. g6 Rg2 $2 {[%emt 0:04:38][%mdl 8192] [#]} (47... d3 $16) 48. Rh5+ $1 $18 Ke6 49. Rg5 $2 (49. Rb1 $18 {Rb6+ would kill now.} Rxg6 50. Rb6+ Kf7 51. Rh7+ Kg8 52. Rd7 (52. Rxg6+ Kxh7 53. Rc6 a4 $11)) 49... Rxg5 $11 {[%emt 0:00:51] The position is equal.} 50. Kxg5 Rxc5+ {[%emt 0:00:23] KR-KR} 51. Kh6 Rc2 {[%emt 0:04:13] ...Kf6 is the strong threat.} 52. Rb1 Rh2+ 53. Kg5 Rg2+ 54. Kh6 d3 {[%emt 0:01:49] aiming for ...d2.} 55. Rb6+ Kf5 {[%emt 0:00:26] White must now prevent ...d2.} (55... Kd7 $5 56. Rb7+ Kd8 57. Rb8+ Ke7 58. Rb7+ Kd6 59. Rb6+ Ke7 60. Rb7+ Kd6 61. Rb6+ Ke7 62. Rb7+ $11) 56. Rb5+ Kf6 {[%emt 0:00:05] ( -> ...Rh2+)} 57. Rb6+ Kf5 {[%emt 0:00:03] Strongly threatening ...d2.} 58. Rb5+ Kf6 {[%emt 0:00:18] Black escapes into a draw.  Weighted Error Value: White=0.22 (precise) /Black=0.18 (very precise)} 1/2-1/2

[Event "FIDE WSTC-50-65 2022"]
[Site "Acqui Terme"]
[Date "2022.06.28"]
[Round "8.5"]
[White "Adams, Michael"]
[Black "Sturua, Zurab"]
[Result "1-0"]
[ECO "C42"]
[WhiteElo "2698"]
[BlackElo "2530"]
[Annotator "TA"]
[PlyCount "81"]
[EventDate "2022.06.20"]
[EventType "team-tourn"]
[EventCountry "ITA"]
[SourceTitle "playchess.com"]
[Source "ChessBase"]
[SourceQuality "1"]
[TimeControl "40/5400+30:1800+30"]

1. e4 e5 2. Nf3 Nf6 3. Nxe5 d6 4. Nf3 Nxe4 5. Nc3 Nxc3 6. dxc3 Be7 7. Be3 Nd7 8. Qd2 {[%emt 0:01:00] C42: Petroff Defence: 3 Nxe5 and unusual White 3rd moves.} O-O 9. O-O-O c6 10. Kb1 {[%emt 0:01:00] The position is equal.} d5 11. h4 Nf6 12. Bd3 Bg4 {[%emt 0:05:30] [#]} 13. Rde1 $146 ({Predecessor:} 13. Rdg1 Ne4 14. Qe1 Nc5 15. Be2 Re8 16. Nd4 Bxe2 17. Qxe2 Bf6 18. Qf3 Ne4 19. g4 {½-½ (77) Lobanov,S (2505)-Ozen,D (2430) Konya 2019}) 13... c5 14. Ng5 b5 15. f3 Bd7 16. g4 Rc8 17. Bf4 {[%emt 0:06:00] White wants to play Be5.} Re8 $2 {[%emt 0:07:30] Loses the game.} (17... c4 $11) 18. Be5 $1 $18 h6 19. Qf4 $1 Qb6 {[%emt 0:04:30] [#]} (19... hxg5 20. hxg5 Nh5 21. Rxh5 $18) 20. Bh7+ $1 Kf8 21. Bf5 (21. Bxf6 Qxf6 22. Qd2 Qc6 $17) 21... Bxf5 (21... hxg5 22. hxg5 Ng8 23. Bxg7+ Kxg7 24. Rh7+ Kf8 25. Rxf7+ $3 (25. Bxd7 Qg6 $18) 25... Kxf7 26. Be6+ Kg6 27. Qf5+ Kg7 28. Qf7+ Kh8 29. Rh1+) (21... Red8 {is a better defense.} 22. Bxf6 Bxf6 23. Nh7+ Kg8) 22. Qxf5 {[%emt 0:00:30] Threatens to win with Bxf6.} g6 (22... hxg5 $2 23. hxg5 g6 24. Rh8+ (24. Bxf6 Bxf6 25. Qxf6 Qxf6 $16) 24... Kg7 25. gxf6+ Bxf6 26. Qxf6+ Qxf6 27. Rxe8 Qxe5 28. R1xe5 $18) 23. Qf4 Kg8 {[%emt 0:01:06] Prevents Nh7.} (23... hxg5 $2 24. hxg5 Qe6 25. gxf6 Bxf6 26. Bd6+ Kg8 27. Rxe6 $18) 24. b3 Rc6 (24... hxg5 $2 25. hxg5 d4 26. Qh2 $18) (24... Qc6 {might work better.} 25. Nxf7 Kxf7) 25. h5 (25. Nxf7 Kxf7 26. g5 (26. Qxh6 Re6 $16) 26... Re6 $16) 25... hxg5 (25... Bf8 $142) 26. Qxg5 Nxh5 (26... Nd7 {[#]} 27. hxg6 $1 fxg6 28. Rh8+ Kf7 29. Rh7+ Kg8 30. Qh6 Bf8 31. Rg7+ Bxg7 32. Qxg7#) 27. Qh6 Bf6 {[%emt 0:01:50] Against Qh8+} 28. Bxf6 Rxe1+ 29. Rxe1 Nxf6 30. Rh1 Nh7 31. Qxh7+ {[%emt 0:01:14][%mdl 4096] Endgame KQR-KQR} Kf8 32. Qh6+ Ke8 33. Qg5 Rd6 34. Qe5+ (34. Rh7 d4 $16) 34... Re6 35. Rh8+ ({Don't play} 35. Qxd5 Ke7 36. Rh7 (36. Qg5+ Kd7 $18) 36... b4 37. Qg5+ Rf6 38. cxb4 cxb4 $18) 35... Ke7 36. Qg5+ Rf6 37. Qxd5 {[%emt 0:00:08] Qa8 is the strong threat.} b4 38. Rc8 ({Less strong is} 38. cxb4 cxb4 39. Ra8 Re6 40. Qg5+ Rf6 41. Qe5+ Re6 $18) 38... bxc3 39. Qe5+ Re6 40. Qxc3 ({Avoid the trap} 40. Rc7+ $2 Kd8 41. Qxc3 Kxc7 $19) 40... Rc6 41. Qe5+ {[%emt 0:01:59] Weighted Error Value: White=0.14 (very precise) /Black=0.34} 1-0

[Event "FIDE WSTC-50-65 2022"]
[Site "Acqui Terme"]
[Date "2022.06.28"]
[Round "8.6"]
[White "Giorgadze, Giorgi"]
[Black "Short, Nigel D"]
[Result "1/2-1/2"]
[ECO "D36"]
[WhiteElo "2584"]
[BlackElo "2622"]
[Annotator "TA"]
[PlyCount "84"]
[EventDate "2022.06.20"]
[EventType "team-tourn"]
[EventCountry "ITA"]
[SourceTitle "playchess.com"]
[Source "ChessBase"]
[SourceQuality "1"]
[TimeControl "40/5400+30:1800+30"]

1. d4 Nf6 2. Nf3 d5 3. c4 e6 4. Nc3 Nbd7 5. cxd5 exd5 6. Bg5 Be7 7. e3 O-O 8. Bd3 c6 9. Qc2 Re8 10. h3 Nf8 11. Ne5 {[%emt 0:12:30] D36: Queen's Gambit Declined: Exchange Variation: Main line (5 Bg5 c6 6 Qc2).} N6d7 {[%emt 0:01:30] [#] aiming for ...Nxe5.} 12. Bxe7 Qxe7 13. Nxd7 {[%emt 0:03:30] White has an edge.} Bxd7 {[%emt 0:00:30] [#]} 14. Bf5 $146 ({Predecessor:} 14. O-O Ng6 15. b4 Nh4 16. Ne2 Qg5 17. Ng3 h5 18. Kh2 a5 19. bxa5 Rxa5 20. a4 {½-½ (58) Vasovski,N (2358)-Mitkov,M (2382) Struga 2009}) 14... Rad8 15. O-O-O Bxf5 16. Qxf5 Nd7 17. Rhe1 g6 18. Qc2 Nb6 19. Kb1 Nc4 20. e4 b5 21. Re2 dxe4 22. Nxe4 f5 23. Nc3 Qf7 24. Rxe8+ Rxe8 25. Qd3 Rd8 26. Qe2 Nb6 {[%emt 0:05:30] [#] Hoping for ...b4.} 27. Qf3 b4 28. Ne2 c5 29. g4 (29. Qb3 $11 {remains equal.}) 29... fxg4 $17 30. Qxf7+ Kxf7 31. hxg4 {[%emt 0:00:13][%mdl 4096] Endgame KRN-KRN} h5 32. gxh5 gxh5 33. Kc2 Rd5 34. Kd3 cxd4 35. Ke4 {[%emt 0:01:46] The position is equal.} Kf6 36. Rxd4 Rxd4+ 37. Nxd4 $11 {[%emt 0:00:10] KN-KN} Na4 38. Nc6 Nxb2 {[%emt 0:00:00][%cal Oa7a5] Strongly threatening ...a5!} 39. Nxb4 Nd1 40. Nd5+ Ke6 (40... Kg6 $5 ) 41. Nf4+ Kd6 42. Nxh5 Nxf2+ {Weighted Error Value: White=0.11 (very precise) /Black=0.09 (flawless)} 1/2-1/2